 Dungeon Crawl Stone Soup version 0.18-a0-1211-g828307d (webtiles) character file.

102 dvd the Ducker (level 4, 0/37 HPs)
             Began as a Minotaur Gladiator on Feb 2, 2016.
             Killed from afar by an orc wizard (12 damage)
             ... with a magic dart
             ... on level 3 of the Dungeon.
             The game lasted 00:03:50 (1715 turns).

dvd the Ducker (Minotaur Gladiator)                 Turns: 1715, Time: 00:03:51

Health: 0/37       AC:  3    Str: 19    XL:     4   Next: 50%
Magic:  3/3        EV: 13    Int:  5    God:
Gold:   133        SH:  0    Dex: 12    Spells: 0 memorised, 3 levels left

rFire  + . .     SeeInvis .     a - +0 quarterstaff
rCold  + . .     Gourm    .     r - +0 leather armour
rNeg   . . .     Faith    .     (shield currently unavailable)
rPois  .         Spirit   .     c - +0 hat
rElec  .         Dismiss  .     (no cloak)
rCorr  .         Reflect  .     (no gloves)
SustAt .         Harm     .     (no boots)
MR     .....                    (no amulet)
Stlth  +.........               u - ring of protection from cold
                                q - ring of protection from fire

@: not resistant to hostile enchantments, very unstealthy
A: retaliatory headbutt, horns 2
a: no special abilities


You were on level 3 of the Dungeon.
You were not hungry.

You visited 1 branch of the dungeon, and saw 3 of its levels.

You collected 133 gold pieces.

Inventory:

Hand Weapons
 a - a +0 quarterstaff (weapon)
 b - a +0 hunting sling
Missiles
 d - 3 throwing nets
 n - 7 javelins (quivered)
 o - 41 stones
 t - 27 sling bullets
Armour
 c - a +0 hat (worn)
 r - a +0 leather armour (worn)
Jewellery
 q - a ring of protection from fire (left hand)
 u - a ring of protection from cold (right hand)
Scrolls
 i - 2 scrolls of teleportation {unknown}
 j - a scroll of random uselessness {unknown}
 l - a scroll of noise {unknown}
 m - a scroll of amnesia {unknown}
 v - a scroll of magic mapping {unknown}
Potions
 e - a potion of might {unknown}
 g - 3 potions of curing {unknown}
 h - 2 potions of agility {unknown}
 k - a potion of brilliance {unknown}
 s - a potion of lignification {unknown}
Comestibles
 f - a bread ration
 p - 4 fruits
 w - 7 chunks of flesh


   Skills:
 + Level 2.8 Fighting
 + Level 4.3 Staves
 + Level 2.2 Throwing
 + Level 1.9 Armour
 + Level 4.6 Dodging
 + Level 0.1 Stealth


You had 3 spell levels left.
You didn't know any spells.

Dungeon Overview and Level Annotations

Branches:
Dungeon (3/15)

Altars:


Innate Abilities, Weirdness & Mutations

You reflexively headbutt those who attack you in melee.
You have a pair of horns on your head.


Message History

The orc wizard hits you but does no damage.
The orc wizard hits you with a dagger.
You thump the orc wizard!
You kill the orc wizard!
The orc wizard hits you with a dagger. The orc barely misses you.
You furiously retaliate!
You headbutt the orc, but do no damage. The orc wizard hits you with a dagger.
Unknown command.
You closely miss the orc wizard. The jackal misses you.
The quokka completely misses you.
The orc wizard gestures at you while chanting.
The magic dart hits you!
You hit the orc wizard.
The orc wizard is lightly wounded.
Something hits you. The jackal misses you. You furiously retaliate!
You headbutt the jackal!
You kill the jackal!
The orc wizard gestures at you while chanting.
The magic dart hits you!
You die...

(.(........
(.........
..(.......
.(..?..
.w....
#(..####
#l.o..#
#r{h#.######
###.@o....>.#
#...>..####.#
#.....)<....#
#........#..#
#####....# .#
##..[# #
#.#.# #....
###.##


You could see a worm, an orc wizard, an orc, a giant gecko, a quokka and a
jackal.

Vanquished Creatures
  An orc wizard (D:3)
  Robin (D:2)
  An adder (D:2)
  An orc (D:3)
  7 bats
  2 giant cockroaches (D:2)
  11 hobgoblins
  A jackal (D:3)
  A quokka (D:3)
  A giant newt (D:2)
  14 goblins
  3 kobolds (D:2)
  3 rats (D:2)
47 creatures vanquished.

Notes
Turn   | Place    | Note
--------------------------------------------------------------
     0 | D:1      | dvd the Minotaur Gladiator began the quest for the Orb.
     0 | D:1      | Reached XP level 1. HP: 18/18 MP: 0/0
   648 | D:2      | Reached XP level 2. HP: 23/25 MP: 1/1
   650 | D:2      | Reached skill level 4 in Dodging
   770 | D:2      | Reached XP level 3. HP: 24/30 MP: 2/2
   808 | D:2      | Noticed Robin
   815 | D:2      | Killed Robin
  1477 | D:2      | Reached skill level 1 in Armour
  1691 | D:3      | Reached XP level 4. HP: 37/37 MP: 3/3
  1715 | D:3      | Killed from afar by an orc wizard

Vault maps used:
D:1:      minmay_arrival_four_circles
D:2:      uniq_robin
D:3:      first_bread

Action                   |  1- 3 |  4- 6 || total
-------------------------+-------+-------++-------
Melee: Quarterstaff      |    69 |     6 ||    75
 Fire: Hunting sling     |     2 |     7 ||     9
Throw: Javelin           |    17 |       ||    17
  Eat: Chunk             |     2 |       ||     2
